[Event "7th Fischer Memorial GM 2019"]
[Site "Anogia"]
[Date "2019.09.11"]
[Round "1.1"]
[White "Kaasen, Tor Fredrik"]
[Black "Baenziger, Fabian"]
[Result "1-0"]
[ECO "B72"]
[WhiteElo "2405"]
[BlackElo "2366"]
[Annotator "NA"]
[PlyCount "55"]
[EventDate "2019.09.11"]
[EventType "tourn"]
[EventCountry "GRE"]
[SourceTitle "playchess.com"]
[Source "ChessBase"]
[SourceQuality "1"]
[TimeControl "40/5400+30:1800+30"]

1. e4 c5 2. Nf3 d6 3. d4 cxd4 4. Nxd4 Nf6 5. Nc3 a6 6. Bd3 g6 7. f3 Bg7 8. Be3 Nbd7 9. Qd2 Qc7 10. g4 Nb6 11. O-O-O Be6 12. h4 Nc4 13. Nxe6 fxe6 14. Bxc4 Qxc4 15. Bd4 Kf7 16. h5 Rhc8 17. Kb1 b5 18. e5 dxe5 19. Bxe5 Rd8 20. hxg6+ hxg6 21. Qxd8 Rxd8 22. Rxd8 Nd5 23. Bxg7 Kxg7 24. Nxd5 exd5 25. Re1 e5 26. Re8 e4 27. fxe4 d4 28. Rd8 1-0

[Event "7th Fischer Memorial GM 2019"]
[Site "Anogia"]
[Date "2019.09.11"]
[Round "1.3"]
[White "Akash Pc, Iyer"]
[Black "Stoyanov, Tsvetan"]
[Result "1/2-1/2"]
[ECO "D70"]
[WhiteElo "2431"]
[BlackElo "2373"]
[Annotator "NA"]
[PlyCount "82"]
[EventDate "2019.09.11"]
[EventType "tourn"]
[EventCountry "GRE"]
[SourceTitle "playchess.com"]
[Source "ChessBase"]
[SourceQuality "1"]
[TimeControl "40/5400+30:1800+30"]

1. d4 Nf6 2. c4 g6 3. f3 d5 4. cxd5 Nxd5 5. e4 Nb6 6. Be3 Bg7 7. Qd2 O-O 8. Nc3 e5 9. d5 c6 10. O-O-O cxd5 11. exd5 N8d7 12. h4 Nf6 13. g4 e4 14. g5 Nh5 15. Bd4 exf3 16. Bxg7 Nxg7 17. Nxf3 Bg4 18. Qf4 Qc8 19. Rd4 Bxf3 20. Qxf3 Qc5 21. Rd2 Rfe8 22. Qf2 Qxf2 23. Rxf2 Rad8 24. Bg2 Nf5 25. h5 Kg7 26. Rhf1 Ne3 27. h6+ Kg8 28. Re1 Nxg2 29. Rxe8+ Rxe8 30. Rxg2 Re5 31. Kc2 Nxd5 32. Rd2 Ne3+ 33. Kb3 Kf8 34. Rd7 Rxg5 35. Ne4 Rf5 36. Rxb7 g5 37. Kc3 g4 38. Kd4 Nc2+ 39. Kc3 Ne3 40. Kd4 Nc2+ 41. Kc3 Ne3 1/2-1/2

[Event "7th Fischer Memorial GM 2019"]
[Site "Anogia"]
[Date "2019.09.11"]
[Round "1.5"]
[White "Storey, Charles H"]
[Black "Percivaldi, Martin"]
[Result "0-1"]
[ECO "A13"]
[WhiteElo "2282"]
[BlackElo "2396"]
[Annotator "NA"]
[PlyCount "66"]
[EventDate "2019.09.11"]
[EventType "tourn"]
[EventCountry "GRE"]
[SourceTitle "playchess.com"]
[Source "ChessBase"]
[SourceQuality "1"]
[TimeControl "40/5400+30:1800+30"]

1. c4 e6 2. Nf3 d5 3. e3 Nf6 4. b3 Be7 5. Bb2 O-O 6. Rg1 c5 7. g4 Nc6 8. g5 Ne8 9. h4 d4 10. exd4 cxd4 11. Bd3 e5 12. Be4 Bd6 13. g6 fxg6 14. Bd5+ Kh8 15. h5 Nb4 16. Ng5 Nd3+ 17. Ke2 Nxb2 18. Qc1 Qf6 19. f3 Nc7 20. hxg6 Nxd5 21. cxd5 Qxg6 22. Qxb2 Be7 23. Nh3 Qa6+ 24. d3 Bxh3 25. Nd2 Bf5 26. Nc4 Bf6 27. Rae1 b5 28. Nd2 Qd6 29. Ne4 Qxd5 30. Qa3 Bxe4 31. fxe4 Qd7 32. Ref1 Qh3 33. Rf3 Qxf3+ 0-1

[Event "7th Fischer Memorial GM 2019"]
[Site "Anogia"]
[Date "2019.09.12"]
[Round "2.1"]
[White "Baenziger, Fabian"]
[Black "Percivaldi, Martin"]
[Result "1-0"]
[ECO "A04"]
[WhiteElo "2366"]
[BlackElo "2396"]
[Annotator "NA"]
[PlyCount "101"]
[EventDate "2019.09.11"]
[EventType "tourn"]
[EventCountry "GRE"]
[SourceTitle "playchess.com"]
[Source "ChessBase"]
[SourceQuality "1"]
[TimeControl "40/5400+30:1800+30"]

1. Nf3 e6 2. g3 f5 3. Bg2 Nf6 4. O-O d5 5. d3 Nc6 6. Nbd2 Be7 7. e4 fxe4 8. dxe4 O-O 9. Qe2 a5 10. Rd1 Bc5 11. exd5 exd5 12. Nb3 Bb6 13. c4 Re8 14. Qf1 a4 15. cxd5 Ne7 16. Nbd4 Nexd5 17. Qc4 h6 18. Bf4 c6 19. Ne5 Bd7 20. b4 axb3 21. Qxb3 Ra7 22. Nb5 Ra6 23. Nd6 Be6 24. Nxe8 Qxe8 25. Qf3 Nxf4 26. Qxf4 Rxa2 27. Rxa2 Bxa2 28. Qa4 Qxe5 29. Qxa2+ Kh8 30. Bf3 Qe7 31. Kg2 Bc5 32. Qa8+ Kh7 33. Rd8 Bd6 34. Qc8 Kg6 35. h4 Bc5 36. h5+ Kf7 37. Rd2 Ba3 38. Bd1 Qe4+ 39. Kh2 Qb4 40. Rd3 Nd5 41. Rf3+ Ke7 42. Rb3 Qd4 43. Rxb7+ Kd6 44. Qf8+ Ke5 45. f4+ Ke4 46. Qe8+ Ne7 47. Rxe7+ Bxe7 48. Qxe7+ Kd3 49. Qe2+ Kc3 50. Qc2+ Kb4 51. Qa4+ 1-0

[Event "7th Fischer Memorial GM 2019"]
[Site "Anogia"]
[Date "2019.09.12"]
[Round "2.2"]
[White "Mitsis, Georgios"]
[Black "Storey, Charles H"]
[Result "1-0"]
[ECO "D46"]
[WhiteElo "2374"]
[BlackElo "2282"]
[Annotator "NA"]
[PlyCount "83"]
[EventDate "2019.09.11"]
[EventType "tourn"]
[EventCountry "GRE"]
[SourceTitle "playchess.com"]
[Source "ChessBase"]
[SourceQuality "1"]
[TimeControl "40/5400+30:1800+30"]

1. d4 Nf6 2. c4 e6 3. Nc3 d5 4. Nf3 c6 5. e3 Nbd7 6. Bd3 Be7 7. b3 O-O 8. Bb2 b6 9. O-O Bb7 10. Qc2 Bd6 11. e4 dxe4 12. Nxe4 Nxe4 13. Bxe4 Nf6 14. Bd3 h6 15. c5 Bc7 16. Rfe1 Nd5 17. a3 b5 18. Bf1 a5 19. g3 b4 20. a4 Ba6 21. Bg2 Rc8 22. Nd2 Qf6 23. Nc4 Rfd8 24. Rad1 Rd7 25. Ne3 Rcd8 26. Ng4 Qe7 27. f4 h5 28. Nf2 Qf6 29. Ne4 Qg6 30. Qf2 f6 31. Bh3 Nxf4 32. Nxf6+ gxf6 33. Bxe6+ Nxe6 34. Rxe6 Be5 35. Re1 Bxd4 36. Bxd4 Rxd4 37. Rxf6 Qg5 38. h4 Rxh4 39. Rfe6 Rd7 40. R6e5 Qg7 41. Re8+ Kh7 42. Qf5+ 1-0

[Event "7th Fischer Memorial GM 2019"]
[Site "Anogia"]
[Date "2019.09.12"]
[Round "2.3"]
[White "Stoyanov, Tsvetan"]
[Black "Gretarsson, Helgi Ass"]
[Result "1/2-1/2"]
[ECO "C50"]
[WhiteElo "2373"]
[BlackElo "2410"]
[Annotator "NA RC"]
[PlyCount "121"]
[EventDate "2019.09.11"]
[EventType "tourn"]
[EventCountry "GRE"]
[SourceTitle "playchess.com"]
[Source "ChessBase"]
[SourceQuality "1"]
[TimeControl "40/5400+30:1800+30"]

1. e4 e5 2. Nf3 Nc6 3. Bc4 Bc5 4. d3 Nf6 5. O-O O-O 6. Bg5 h6 7. Bh4 Be7 8. Nbd2 d6 9. a4 Kh8 10. a5 Rb8 11. Re1 Be6 12. Bxf6 Bxf6 13. Bxe6 fxe6 14. Nc4 Qd7 15. c3 Qf7 16. Qc2 g5 17. h3 Bg7 18. Nh2 Ne7 19. g3 Ng6 20. b4 d5 21. Nb2 Rbd8 22. Na4 Rfe8 23. Nc5 b6 24. Nb3 Bf8 25. Ng4 b5 26. Nc5 h5 27. Nh2 Bxc5 28. bxc5 Rf8 29. Qe2 Kg7 30. Ra2 h4 31. Kg2 Qf6 32. Ng4 Qe7 33. d4 c6 34. Qe3 Rf7 35. dxe5 dxe4 36. Nf6 Nxe5 37. Qxg5+ Ng6 38. Nxe4 Rd5 39. Qg4 Rff5 40. Rae2 Kh7 41. Nd6 Rg5 42. Rxe6 Rxg4 43. Rxe7+ Nxe7 44. hxg4 Ng6 45. gxh4 Nxh4+ 46. Kg3 Ng6 47. Ne4 Kg7 48. g5 Ne5 49. f4 Rd3+ 50. Kg2 Ng6 51. Rf1 Nh4+ 52. Kh2 Nf3+ 53. Kg2 Nh4+ 54. Kh2 Nf3+ 55. Kh1 Kg6 56. Nd6 Kh5 57. Kg2 Kg4 58. Ne4 Nh4+ 59. Kg1 Nf3+ 60. Kg2 Nh4+ 61. Kg1 1/2-1/2

[Event "7th Fischer Memorial GM 2019"]
[Site "Anogia"]
[Date "2019.09.12"]
[Round "2.4"]
[White "Levin, Evgeny A."]
[Black "Akash Pc, Iyer"]
[Result "1/2-1/2"]
[ECO "D39"]
[WhiteElo "2511"]
[BlackElo "2431"]
[Annotator "ChessBase"]
[PlyCount "54"]
[EventDate "2019.09.11"]
[EventType "tourn"]
[EventCountry "GRE"]
[SourceTitle "playchess.com"]
[Source "ChessBase"]
[SourceQuality "1"]
[TimeControl "40/5400+30:1800+30"]

1. d4 Nf6 2. c4 e6 3. Nf3 d5 4. Nc3 Bb4 5. Bg5 dxc4 6. e4 b5 7. e5 h6 8. exf6 hxg5 9. fxg7 Rg8 10. g3 Bb7 11. Bg2 g4 12. Nh4 Bxg2 13. Nxg2 Nc6 14. O-O Bxc3 15. bxc3 Rxg7 16. Re1 Qd6 17. Rb1 a6 18. Ne3 O-O-O 19. Nxg4 f5 20. Ne5 Nxe5 21. Rxe5 Qxe5 22. dxe5 Rxd1+ 23. Rxd1 c5 24. a3 a5 25. Kf1 b4 26. Ke2 Rb7 27. a4 Rd7 1/2-1/2

[Event "7th Fischer Memorial GM 2019"]
[Site "Anogia"]
[Date "2019.09.12"]
[Round "2.5"]
[White "Kaasen, Tor Fredrik"]
[Black "Kapnisis, Spyridon"]
[Result "1/2-1/2"]
[ECO "B32"]
[WhiteElo "2405"]
[BlackElo "2465"]
[Annotator "ChessBase"]
[PlyCount "29"]
[EventDate "2019.09.11"]
[EventType "tourn"]
[EventCountry "GRE"]
[SourceTitle "playchess.com"]
[Source "ChessBase"]
[SourceQuality "1"]
[TimeControl "40/5400+30:1800+30"]

1. e4 c5 2. Nf3 Nc6 3. d4 cxd4 4. Nxd4 e5 5. Nb5 d6 6. c4 g6 7. N1c3 a6 8. Na3 Bg7 9. Be2 Nd4 10. Nc2 Nxe2 11. Qxe2 Ne7 12. Be3 Be6 13. b3 b5 14. cxb5 d5 15. exd5 1/2-1/2

[Event "7th Fischer Memorial GM 2019"]
[Site "Anogia"]
[Date "2019.09.13"]
[Round "3.1"]
[White "Kapnisis, Spyridon"]
[Black "Baenziger, Fabian"]
[Result "1/2-1/2"]
[ECO "B51"]
[WhiteElo "2465"]
[BlackElo "2366"]
[Annotator "ChessBase"]
[PlyCount "47"]
[EventDate "2019.09.11"]
[EventType "tourn"]
[EventCountry "GRE"]
[SourceTitle "playchess.com"]
[Source "ChessBase"]
[SourceQuality "1"]
[TimeControl "40/5400+30:1800+30"]

1. e4 c5 2. Nf3 d6 3. Bb5+ Nd7 4. a4 Ngf6 5. Nc3 e6 6. O-O a6 7. Be2 b6 8. d4 cxd4 9. Qxd4 Qc7 10. Rd1 Bb7 11. Be3 Be7 12. Nd2 O-O 13. Nc4 d5 14. exd5 Nxd5 15. Nxd5 Bxd5 16. Bf4 Qb7 17. Nd6 Qa7 18. Ra3 Bf6 19. Qb4 Ne5 20. c4 Bc6 21. Nb5 Qb7 22. Nd6 Qa7 23. Nb5 Qb7 24. Nd6 1/2-1/2

[Event "7th Fischer Memorial GM 2019"]
[Site "Anogia"]
[Date "2019.09.13"]
[Round "3.2"]
[White "Akash Pc, Iyer"]
[Black "Kaasen, Tor Fredrik"]
[Result "1-0"]
[ECO "E20"]
[WhiteElo "2431"]
[BlackElo "2405"]
[Annotator "NA"]
[PlyCount "83"]
[EventDate "2019.09.11"]
[EventType "tourn"]
[EventCountry "GRE"]
[SourceTitle "playchess.com"]
[Source "ChessBase"]
[SourceQuality "1"]
[TimeControl "40/5400+30:1800+30"]

1. d4 Nf6 2. c4 e6 3. Nc3 Bb4 4. f3 d5 5. a3 Bxc3+ 6. bxc3 Nc6 7. cxd5 exd5 8. e3 Bf5 9. Ne2 O-O 10. Nf4 Na5 11. Be2 h6 12. g4 Bh7 13. h4 Ne8 14. Kf2 c6 15. a4 g6 16. g5 h5 17. Ba3 Nd6 18. Qb1 Re8 19. Bd3 Ndc4 20. Bc1 f5 21. gxf6 Qxf6 22. Ra2 Nxe3 23. Bxe3 Rxe3 24. Kxe3 Re8+ 25. Kf2 Qxf4 26. Re2 Rxe2+ 27. Kxe2 Kf7 28. Qc1 Qxc1 29. Rxc1 b6 30. f4 Kf6 31. Kf3 Nb7 32. c4 Bg8 33. cxd5 Bxd5+ 34. Be4 Bxe4+ 35. Kxe4 Nd8 36. d5 cxd5+ 37. Kxd5 Nb7 38. Rc7 Nc5 39. Rxa7 Nd3 40. Rb7 Nxf4+ 41. Ke4 Ne6 42. Rxb6 1-0

[Event "7th Fischer Memorial GM 2019"]
[Site "Anogia"]
[Date "2019.09.13"]
[Round "3.4"]
[White "Storey, Charles H"]
[Black "Stoyanov, Tsvetan"]
[Result "0-1"]
[ECO "B42"]
[WhiteElo "2282"]
[BlackElo "2373"]
[Annotator "NA"]
[PlyCount "94"]
[EventDate "2019.09.11"]
[EventType "tourn"]
[EventCountry "GRE"]
[SourceTitle "playchess.com"]
[Source "ChessBase"]
[SourceQuality "1"]
[TimeControl "40/5400+30:1800+30"]

1. e4 c5 2. Nf3 e6 3. d4 cxd4 4. Nxd4 a6 5. Bd3 Qc7 6. O-O Nf6 7. c3 Nc6 8. Nd2 Be7 9. f4 d6 10. N2f3 Bd7 11. Kh1 e5 12. Ne2 Rd8 13. Ng3 h5 14. Qe2 g6 15. fxe5 dxe5 16. Bg5 Be6 17. Bc4 Bxc4 18. Qxc4 b5 19. Qe2 Ng4 20. h4 f6 21. Be3 Na5 22. b3 Nb7 23. Rac1 Ba3 24. Rc2 Bc5 25. Bxc5 Nxc5 26. Nh2 Nxh2 27. Kxh2 Qe7 28. Nh1 O-O 29. Rf3 Ne6 30. g3 b4 31. Qxa6 Ra8 32. Qf1 Rac8 33. Qc1 Kg7 34. Nf2 Qc7 35. c4 Nd4 36. Rd3 Nxc2 37. Qxc2 Rfd8 38. Rf3 Rd4 39. Qc1 Rcd8 40. a3 bxa3 41. Qxa3 Rd2 42. c5 Qc6 43. b4 Ra8 44. Qe3 Raa2 45. Kg1 Qa6 46. Kg2 Rd1 47. c6 Qf1+ 0-1

[Event "7th Fischer Memorial GM 2019"]
[Site "Anogia"]
[Date "2019.09.13"]
[Round "3.5"]
[White "Percivaldi, Martin"]
[Black "Mitsis, Georgios"]
[Result "1-0"]
[ECO "E11"]
[WhiteElo "2396"]
[BlackElo "2374"]
[Annotator "NA"]
[PlyCount "145"]
[EventDate "2019.09.11"]
[EventType "tourn"]
[EventCountry "GRE"]
[SourceTitle "playchess.com"]
[Source "ChessBase"]
[SourceQuality "1"]
[TimeControl "40/5400+30:1800+30"]

1. d4 Nf6 2. c4 e6 3. Nf3 d5 4. g3 Bb4+ 5. Bd2 Be7 6. Bg2 O-O 7. O-O c6 8. Qb3 Nbd7 9. Rc1 b6 10. cxd5 cxd5 11. Nc3 Bb7 12. a4 Ne4 13. Bf4 g5 14. Nxe4 dxe4 15. Bc7 Qe8 16. Nd2 Bd5 17. Qd1 f5 18. Nc4 Nf6 19. e3 h5 20. Ne5 h4 21. Bf1 g4 22. Bb5 Qh5 23. Nc6 Qf7 24. Nxe7+ Qxe7 25. Ba6 Nh7 26. Be5 Ng5 27. Rc7 Nh3+ 28. Kf1 Qg5 29. Rg7+ Qxg7 30. Bxg7 Kxg7 31. Rc1 Rf7 32. Bc4 hxg3 33. hxg3 Rd8 34. Bxd5 Rxd5 35. Rc8 Ng5 36. Qc1 Rfd7 37. Qc6 R5d6 38. Qa8 Nf7 39. Rg8+ Kf6 40. b4 Rd5 41. b5 R5d6 42. Qc8 Rd5 43. Kg2 R5d6 44. Qc1 Ng5 45. Rf8+ Kg6 46. Qc8 Nf7 47. Qb8 Kf6 48. Rg8 Rd5 49. Qc8 R5d6 50. Qc1 Ng5 51. Rh8 Nf7 52. Ra8 Re7 53. Rc8 Ng5 54. Kf1 Rdd7 55. Ke2 Rd6 56. Qc3 Rd5 57. Kd1 Red7 58. Kc1 Nf7 59. Kb1 Kg7 60. Ka2 Kg6 61. Qc1 Kg7 62. Ka3 e5 63. dxe5 Rd1 64. Qb2 R1d3+ 65. Kb4 Rd2 66. Qc1 Rd1 67. Qc6 Nxe5 68. Qe6 Nd3+ 69. Ka3 Rf7 70. Qe8 Ra1+ 71. Kb3 Rb1+ 72. Ka2 Rc1 73. Qh8+ 1-0

[Event "7th Fischer Memorial GM 2019"]
[Site "Anogia"]
[Date "2019.09.14"]
[Round "4.1"]
[White "Baenziger, Fabian"]
[Black "Mitsis, Georgios"]
[Result "1-0"]
[ECO "A04"]
[WhiteElo "2366"]
[BlackElo "2374"]
[Annotator "NA"]
[PlyCount "51"]
[EventDate "2019.09.11"]
[EventType "tourn"]
[EventCountry "GRE"]
[SourceTitle "playchess.com"]
[Source "ChessBase"]
[SourceQuality "1"]
[TimeControl "40/5400+30:1800+30"]

1. Nf3 c5 2. g3 Nc6 3. Bg2 g6 4. O-O Bg7 5. Nc3 d6 6. d3 e6 7. e4 Nge7 8. Bg5 h6 9. Be3 e5 10. Nd2 Be6 11. Nc4 Rb8 12. a4 a6 13. f4 exf4 14. Bxf4 Bxc4 15. dxc4 Bd4+ 16. Kh1 g5 17. Bd2 Ng6 18. Qh5 Nce5 19. Bh3 Kf8 20. Nd5 Kg7 21. c3 Nxc4 22. cxd4 Nxd2 23. Rf2 g4 24. Qxg4 Qg5 25. Qe2 Nb3 26. Qf3 1-0

[Event "7th Fischer Memorial GM 2019"]
[Site "Anogia"]
[Date "2019.09.14"]
[Round "4.3"]
[White "Levin, Evgeny A."]
[Black "Storey, Charles H"]
[Result "1-0"]
[ECO "E32"]
[WhiteElo "2511"]
[BlackElo "2282"]
[Annotator "ChessBase"]
[PlyCount "55"]
[EventDate "2019.09.11"]
[EventType "tourn"]
[EventCountry "GRE"]
[SourceTitle "playchess.com"]
[Source "ChessBase"]
[SourceQuality "1"]
[TimeControl "40/5400+30:1800+30"]

1. d4 Nf6 2. c4 b6 3. Nc3 Bb7 4. Qc2 e6 5. e4 Bb4 6. Bd3 c5 7. d5 b5 8. b3 exd5 9. exd5 O-O 10. Nge2 d6 11. O-O bxc4 12. bxc4 Nbd7 13. Bg5 h6 14. Bh4 Ba6 15. Ne4 g5 16. Nxg5 hxg5 17. Bxg5 Re8 18. a3 Ba5 19. Ng3 Re5 20. Nf5 Rxf5 21. Bxf5 Ne5 22. f4 Nxc4 23. Rf3 Qe7 24. Rg3 Kf8 25. Bh6+ Ke8 26. Qa4+ Kd8 27. Bg5 Kc7 28. Qc6+ 1-0

[Event "7th Fischer Memorial GM 2019"]
[Site "Anogia"]
[Date "2019.09.14"]
[Round "4.4"]
[White "Kaasen, Tor Fredrik"]
[Black "Gretarsson, Helgi Ass"]
[Result "0-1"]
[ECO "B07"]
[WhiteElo "2405"]
[BlackElo "2410"]
[Annotator "NA"]
[PlyCount "84"]
[EventDate "2019.09.11"]
[EventType "tourn"]
[EventCountry "GRE"]
[SourceTitle "playchess.com"]
[Source "ChessBase"]
[SourceQuality "1"]
[TimeControl "40/5400+30:1800+30"]

1. e4 d6 2. d4 Nf6 3. Nc3 g6 4. Bg5 h6 5. Be3 c6 6. f3 b5 7. Bd3 Nbd7 8. a4 b4 9. Nce2 e5 10. c3 d5 11. Ng3 bxc3 12. bxc3 Qa5 13. Bd2 Ba6 14. Qe2 Bxd3 15. Qxd3 Bg7 16. N1e2 O-O 17. O-O Rfd8 18. Rfc1 Rab8 19. Qc2 dxe4 20. fxe4 Qa6 21. h3 Ne8 22. Rf1 Qc4 23. Qc1 h5 24. h4 Nef6 25. Bh6 Bh8 26. Rf3 Re8 27. Qf1 Ng4 28. Bg5 exd4 29. cxd4 Bxd4+ 30. Nxd4 Qxd4+ 31. Kh1 Nde5 32. Bf6 Rb2 33. Bxe5 Qxe5 34. Qc1 Rd8 35. Qxc6 Rxg2 36. Qc3 Rdd2 37. Rb1 Rh2+ 38. Kg1 Rdg2+ 39. Kf1 Rf2+ 40. Kg1 Rhg2+ 41. Kh1 Rxg3 42. Qxe5 Rh2# 0-1

[Event "7th Fischer Memorial GM 2019"]
[Site "Anogia"]
[Date "2019.09.14"]
[Round "4.5"]
[White "Kapnisis, Spyridon"]
[Black "Akash Pc, Iyer"]
[Result "1/2-1/2"]
[ECO "B10"]
[WhiteElo "2465"]
[BlackElo "2431"]
[Annotator "ChessBase"]
[PlyCount "64"]
[EventDate "2019.09.11"]
[EventType "tourn"]
[EventCountry "GRE"]
[SourceTitle "playchess.com"]
[Source "ChessBase"]
[SourceQuality "1"]
[TimeControl "40/5400+30:1800+30"]

1. e4 c6 2. Nf3 d5 3. d3 Bg4 4. Be2 e6 5. Nfd2 Bxe2 6. Qxe2 Nf6 7. O-O Be7 8. f4 O-O 9. c4 Na6 10. Nb3 Nc5 11. Nxc5 Bxc5+ 12. Kh1 h5 13. Nd2 dxc4 14. dxc4 Qd4 15. e5 Ng4 16. Ne4 Rfd8 17. Nxc5 Qxc5 18. h3 Nh6 19. Be3 Qb4 20. g4 hxg4 21. hxg4 Qe7 22. Bf2 Rd7 23. Rad1 Rad8 24. Kg2 Qb4 25. Rxd7 Rxd7 26. Be3 b5 27. cxb5 cxb5 28. Rc1 Rd8 29. Kf3 Qe7 30. Kg3 Qb4 31. Kf3 Qe7 32. Kg3 Qb4 1/2-1/2

[Event "7th Fischer Memorial GM 2019"]
[Site "Anogia"]
[Date "2019.09.15"]
[Round "5.1"]
[White "Akash Pc, Iyer"]
[Black "Baenziger, Fabian"]
[Result "1/2-1/2"]
[ECO "D20"]
[WhiteElo "2431"]
[BlackElo "2366"]
[Annotator "NA"]
[PlyCount "102"]
[EventDate "2019.09.11"]
[EventType "tourn"]
[EventCountry "GRE"]
[SourceTitle "playchess.com"]
[Source "ChessBase"]
[SourceQuality "1"]
[TimeControl "40/5400+30:1800+30"]

1. d4 d5 2. c4 dxc4 3. e4 Nf6 4. e5 Nd5 5. Bxc4 Bf5 6. Ne2 Nb6 7. Bb3 e6 8. Nbc3 Nc6 9. O-O Qd7 10. Be3 O-O-O 11. Qc1 Kb8 12. Rd1 Qe8 13. Ng3 Bg6 14. Nge4 Bf5 15. f3 h5 16. Kh1 Be7 17. a3 h4 18. h3 f6 19. exf6 gxf6 20. Nc5 Qf7 21. Ne2 Bd6 22. Bf4 Ne7 23. Ne4 Bxf4 24. Nxf4 Nbd5 25. Bxd5 Nxd5 26. Nc3 Nb6 27. Qe3 Rhg8 28. a4 Nc4 29. Qe2 e5 30. dxe5 fxe5 31. Rxd8+ Rxd8 32. Nfd5 Rxd5 33. Nxd5 Qxd5 34. Rd1 Qg8 35. b3 Nd6 36. Qxe5 Bc8 37. Qc3 Nf5 38. Rc1 Qh7 39. Qe5 Qf7 40. Rc4 Qh7 41. Kh2 Qd7 42. f4 Qd6 43. Rc5 b6 44. Rd5 Qg6 45. Rd3 a5 46. Qh8 Qe6 47. Rd8 Kb7 48. Re8 Qxb3 49. Rxc8 Qg3+ 50. Kh1 Qe1+ 51. Kh2 Qg3+ 1/2-1/2

[Event "7th Fischer Memorial GM 2019"]
[Site "Anogia"]
[Date "2019.09.15"]
[Round "5.2"]
[White "Gretarsson, Helgi Ass"]
[Black "Kapnisis, Spyridon"]
[Result "0-1"]
[ECO "A48"]
[WhiteElo "2410"]
[BlackElo "2465"]
[Annotator "ChessBase"]
[PlyCount "94"]
[EventDate "2019.09.11"]
[EventType "tourn"]
[EventCountry "GRE"]
[SourceTitle "playchess.com"]
[Source "ChessBase"]
[SourceQuality "1"]
[TimeControl "40/5400+30:1800+30"]

1. d4 Nf6 2. Nf3 g6 3. Bg5 Bg7 4. Nbd2 O-O 5. e4 d5 6. exd5 Nxd5 7. Nb3 a5 8. a4 Qd6 9. Bc4 Nd7 10. O-O N7b6 11. Bd3 Nf4 12. Be4 h6 13. Bxf4 Qxf4 14. Re1 Nc4 15. c3 Re8 16. Nc5 Nd6 17. Qb3 Nxe4 18. Rxe4 Qd6 19. Ne5 e6 20. Qb5 Rd8 21. Rae1 b6 22. Nxf7 Kxf7 23. Nxe6 Bxe6 24. Rxe6 Qd5 25. Re7+ Kf8 26. Qd3 Re8 27. Rxe8+ Rxe8 28. Rxe8+ Kxe8 29. Qxg6+ Qf7 30. Qc6+ Qd7 31. Qc4 Qf5 32. h4 Kd7 33. g3 Bf8 34. Kg2 Qe4+ 35. f3 Qc2+ 36. Kh3 Qf5+ 37. Kg2 Bd6 38. Qg8 h5 39. d5 Qc2+ 40. Kh3 Qf5+ 41. Kg2 Qe5 42. Kf1 Qxg3 43. Qh7+ Be7 44. Qxh5 Qxh4 45. Qf5+ Kd8 46. b3 Qf6 47. Qd3 Qe5 0-1

[Event "7th Fischer Memorial GM 2019"]
[Site "Anogia"]
[Date "2019.09.15"]
[Round "5.3"]
[White "Storey, Charles H"]
[Black "Kaasen, Tor Fredrik"]
[Result "0-1"]
[ECO "B94"]
[WhiteElo "2282"]
[BlackElo "2405"]
[Annotator "NA"]
[PlyCount "88"]
[EventDate "2019.09.11"]
[EventType "tourn"]
[EventCountry "GRE"]
[SourceTitle "playchess.com"]
[Source "ChessBase"]
[SourceQuality "1"]
[TimeControl "40/5400+30:1800+30"]

1. e4 c5 2. Nf3 d6 3. d4 cxd4 4. Nxd4 Nf6 5. Nc3 a6 6. Bg5 Nbd7 7. Qe2 h6 8. Be3 e6 9. g4 b5 10. a3 Bb7 11. Bg2 Ne5 12. f4 Nexg4 13. O-O-O Nxe3 14. Qxe3 Be7 15. Kb1 Qc7 16. Rd3 Nd7 17. Qh3 Nc5 18. Rg3 Bf6 19. Rd1 Qb6 20. b4 Bxd4 21. Rxd4 Na4 22. Ne2 Rc8 23. c3 a5 24. Kc2 axb4 25. axb4 Rc7 26. Kd2 e5 27. Rdd3 Nb2 28. Rxg7 Nxd3 29. Qxd3 Rc4 30. f5 Qd8 31. Qg3 Qf6 32. Kd3 Ke7 33. Rg4 Rd8 34. Rg8 d5 35. Rxd8 dxe4+ 36. Kc2 Kxd8 37. Nc1 Qxf5 38. Qe3 Kc7 39. Nb3 Qg5 40. Qf2 f5 41. Bf1 e3 42. Qe1 Be4+ 43. Kb2 Qg1 44. Qh4 Qf2+ 0-1

[Event "7th Fischer Memorial GM 2019"]
[Site "Anogia"]
[Date "2019.09.15"]
[Round "5.4"]
[White "Percivaldi, Martin"]
[Black "Levin, Evgeny A."]
[Result "1/2-1/2"]
[ECO "A62"]
[WhiteElo "2396"]
[BlackElo "2511"]
[Annotator "RC"]
[PlyCount "119"]
[EventDate "2019.09.11"]
[EventType "tourn"]
[EventCountry "GRE"]
[SourceTitle "playchess.com"]
[Source "ChessBase"]
[SourceQuality "1"]
[TimeControl "40/5400+30:1800+30"]

1. d4 Nf6 2. c4 e6 3. g3 c5 4. d5 exd5 5. cxd5 d6 6. Nc3 g6 7. Nf3 Bg7 8. Bg2 O-O 9. O-O Re8 10. Re1 Ne4 11. Nxe4 Rxe4 12. Bg5 Qc7 13. Nd2 Re8 14. Bf4 Nd7 15. Nc4 Bf8 16. Qb3 Nb6 17. Nd2 Bg4 18. Ne4 Nd7 19. h3 Bf5 20. Nd2 Ne5 21. e4 Bd7 22. Bxe5 Rxe5 23. Nc4 Ree8 24. a4 Rab8 25. Qc2 Bg7 26. Bf1 Bd4 27. Kh2 f5 28. Bd3 fxe4 29. Rxe4 Rxe4 30. Bxe4 Rf8 31. Rf1 a6 32. f4 b5 33. axb5 axb5 34. Nd2 Qd8 35. Nf3 Qf6 36. b3 Re8 37. Rd1 Bc3 38. Ng5 Kg7 39. Rd3 b4 40. Re3 h6 41. Ne6+ Bxe6 42. dxe6 Qxe6 43. Re2 c4 44. bxc4 Qxc4 45. Bd3 Qf7 46. Bc4 Qf5 47. Qxf5 Rxe2+ 48. Bxe2 gxf5 49. Bc4 Kf6 50. g4 Bd2 51. Kg3 fxg4 52. hxg4 Ke7 53. g5 hxg5 54. fxg5 Bxg5 55. Kf3 Kd7 56. Ke4 Kc6 57. Bd5+ Kb5 58. Bb3 Kc5 59. Bd5 Kb5 60. Bb3 1/2-1/2

[Event "7th Fischer Memorial GM 2019"]
[Site "Anogia"]
[Date "2019.09.15"]
[Round "5.5"]
[White "Mitsis, Georgios"]
[Black "Stoyanov, Tsvetan"]
[Result "1/2-1/2"]
[ECO "E11"]
[WhiteElo "2374"]
[BlackElo "2373"]
[Annotator "NA"]
[PlyCount "120"]
[EventDate "2019.09.11"]
[EventType "tourn"]
[EventCountry "GRE"]
[SourceTitle "playchess.com"]
[Source "ChessBase"]
[SourceQuality "1"]
[TimeControl "40/5400+30:1800+30"]

1. d4 Nf6 2. c4 e6 3. Nf3 Bb4+ 4. Bd2 Qe7 5. g3 Bxd2+ 6. Qxd2 d6 7. Bg2 e5 8. Nc3 O-O 9. O-O Bg4 10. h3 Bxf3 11. exf3 c6 12. Rfe1 Qc7 13. f4 exf4 14. Qxf4 Na6 15. g4 Rae8 16. g5 Nd7 17. b3 f6 18. Rxe8 Rxe8 19. Ne4 d5 20. Qxc7 Nxc7 21. Nd6 Re2 22. cxd5 Nxd5 23. Bxd5+ cxd5 24. Rc1 Rxa2 25. Rc7 Nf8 26. gxf6 gxf6 27. Ne8 Ra6 28. Rg7+ Kh8 29. Rxb7 Re6 30. Nc7 Re7 31. Rxa7 Ne6 32. Ra8+ Kg7 33. Nxd5 Rd7 34. Ra6 Nxd4 35. Nxf6 Rb7 36. Nh5+ Kg8 37. b4 Rxb4 38. Ra7 h6 39. Nf6+ Kf8 40. Rh7 Nf5 41. Ng4 Rb3 42. Nxh6 Rxh3 43. Rf7+ Ke8 44. Rxf5 Rxh6 45. Kg2 Ke7 46. Kg3 Rg6+ 47. Kf4 Ra6 48. Kg5 Ra1 49. Rb5 Rg1+ 50. Kf5 Ra1 51. f4 Kf7 52. Rb7+ Kf8 53. Kg5 Ra5+ 54. f5 Ra6 55. Rh7 Kg8 56. Re7 Kf8 57. Re6 Rxe6 58. fxe6 Ke7 59. Kf5 Ke8 60. e7 Kxe7 1/2-1/2